 Dungeon Crawl Stone Soup version 0.29.1-12-g30fa7ad0bf (webtiles) character file.

Game seed: 13988711066496960038

109 LustLizard the Cutter (level 4, -5/33 HPs)
             Began as a Merfolk Gladiator on Jan 16, 2023.
             Slain by Crazy Yiuf
             ... wielding a +3 quarterstaff of chaos
              (7 damage)
             ... on level 2 of the Dungeon.
             The game lasted 00:03:47 (2533 turns).

LustLizard the Cutter (Merfolk Gladiator)           Turns: 2533, Time: 00:03:47

Health: -5/33      AC:  8    Str: 14    XL:     4   Next: 90%
Magic:  4/4        EV: 18    Int:  7    God:
Gold:   118        SH:  0    Dex: 17    Spells: 3/3 levels left

rFire   + + .      SeeInvis .   a - +0 rapier
rCold   . . .      Faith    .   (no shield)
rNeg    . . .      Spirit   .   r - +3 leather armour "Olikkeoss" {rF+}
rPois   .          Reflect  .   c - +0 helmet
rElec   .          Harm     .   (no cloak)
rCorr   .          Rampage  .   g - +0 pair of gloves
Will    .....                   (no boots)
Stlth   ++........              p - amulet of the acrobat
HPRegen 0.11/turn               v - ring of protection from fire
MPRegen 0.09/turn               (no ring)

@: agile, slowed, very slow
A: (nimble swimmer 2), mertail
a: no special abilities


You were on level 2 of the Dungeon.
You visited 1 branch of the dungeon, and saw 2 of its levels.

You collected 118 gold pieces.

Inventory:

Hand Weapons
 a - a +0 rapier (weapon)
Missiles
 d - 3 throwing nets
 e - 7 javelins
 k - a poisoned dart
 m - 21 stones (quivered)
Armour
 b - a +0 leather armour
 c - a +0 helmet (worn)
 g - a +0 pair of gloves (worn)
 i - a +0 ring mail of cold resistance
 r - the +3 leather armour "Olikkeoss" (worn) {rF+}
   (You found it on level 2 of the Dungeon)

   rF:        It protects you from fire.
Jewellery
 p - an amulet of the acrobat (around neck)
 v - a ring of protection from fire (left hand)
Scrolls
 l - a scroll of enchant armour {unknown}
 o - a scroll of noise {unknown}
 q - a scroll of vulnerability {unknown}
 u - a scroll of poison {unknown}
 w - a scroll of identify {unknown}
Potions
 f - a potion of might {unknown}
 h - a potion of degeneration {unknown}
 j - a potion of haste {unknown}
 n - 2 potions of curing {unknown}
 s - a potion of mutation {unknown}
 t - a potion of cancellation {unknown}


   Skills:
 - Level 2.1 Fighting
 * Level 6.1 Short Blades
 - Level 2.0 Throwing
 - Level 4.0 Dodging
 - Level 2.0 Stealth


You had 3 spell levels left.
You didn't know any spells.
Your spell library was empty.

Dungeon Overview and Level Annotations

Branches:
Dungeon (2/15)

Altars:

Shops:
D:2 [

Annotations:
D:2 Crazy Yiuf


Innate Abilities, Weirdness & Mutations

((You are very nimble when in or above water. (Stealth+, EV+, Speed+++)))
Your lower body shifts to a powerful aquatic tail in water.


Message History

Crazy Yiuf waves his quarterstaff at you.
Crazy Yiuf hits you with a +3 quarterstaff of chaos!
Crazy Yiuf freezes you.
You puncture Crazy Yiuf!
Crazy Yiuf is severely wounded.
Crazy Yiuf hits you but does no damage.
You hit Crazy Yiuf.
Crazy Yiuf is almost dead.
Crazy Yiuf barely misses you.
You closely miss Crazy Yiuf.
Crazy Yiuf is almost dead.
Crazy Yiuf misses you.
You barely miss Crazy Yiuf.
Crazy Yiuf is almost dead.
Crazy Yiuf completely misses you.
You hit Crazy Yiuf but do no damage.
Crazy Yiuf is almost dead.
Crazy Yiuf flaps his cloak.
Crazy Yiuf drinks a potion.
Crazy Yiuf is healed!
You barely miss Crazy Yiuf. You hit Crazy Yiuf.
Crazy Yiuf is moderately wounded.
Crazy Yiuf hits you with a +3 quarterstaff of chaos!
You feel agile all of a sudden.
You completely miss Crazy Yiuf.
Crazy Yiuf is moderately wounded.
Crazy Yiuf hits you with a +3 quarterstaff of chaos!
* * * LOW HITPOINT WARNING * * *
You feel yourself slow down.
You barely miss Crazy Yiuf.
Crazy Yiuf is moderately wounded.
Crazy Yiuf closely misses you.
Okay, then.
You hit Crazy Yiuf but do no damage.
Crazy Yiuf is moderately wounded.
Crazy Yiuf closely misses you. Crazy Yiuf completely misses you.
You puncture Crazy Yiuf!
Crazy Yiuf is severely wounded.
Crazy Yiuf hits you with a +3 quarterstaff of chaos!
You die...

###### #....# #.####
######## #.#####♣♣ ###
#......# #.#..#..♣♣ ♣♣#..)#
######.# #.#......♣♣♣♣@g...#
#.# #.#.......♣..♣#...# #.#
#.#.##...♣.♣♣♣ ### #.#
#....##♣♣♣♣♣ #.# ###.##
#.### #..# ####### ###...#
##.## ##.....## #......
#..## ##.......## #..##.#
##<..####.........####...#.#


You could see Crazy Yiuf.

Vanquished Creatures
  An orc priest (D:2)
  Jessica (D:2)
  2 adders (D:2)
  A worm (D:2)
  A dart slug (D:1)
  4 orcs (D:2)
  3 endoplasms
  3 giant cockroaches
  2 goblins (D:1)
  2 ball pythons (D:1)
  3 bats (D:1)
  4 kobolds
  3 rats (D:1)
30 creatures vanquished.

Notes
Turn   | Place    | Note
-------+----------+-------------------------------------------
     0 | D:1      | LustLizard the Merfolk Gladiator began the quest for the
                  | Orb.
     0 | D:1      | Reached XP level 1. HP: 16/16 MP: 1/1
   415 | D:1      | Reached skill level 4 in Short Blades
   575 | D:1      | Reached skill level 1 in Stealth
   575 | D:1      | Reached XP level 2. HP: 22/22 MP: 2/2
  1226 | D:1      | Found a faded altar of an unknown god.
  1423 | D:2      | Reached XP level 3. HP: 27/27 MP: 3/3
  1658 | D:2      | Identified the +3 leather armour "Olikkeoss" {rF+}
  1724 | D:2      | Found a runed translucent door.
  1725 | D:2      | Noticed Crazy Yiuf
  1877 | D:2      | Reached skill level 5 in Short Blades
  1892 | D:2      | Reached XP level 4. HP: 12/33 MP: 4/4
  2102 | D:2      | Found Ury Qasehusm's Armour Emporium.
  2232 | D:2      | Noticed Jessica
  2236 | D:2      | Killed Jessica
  2237 | D:2      | Reached skill level 6 in Short Blades
  2533 | D:2      | Slain by Crazy Yiuf

Illustrated notes

Levels and vault maps discovered:
D:1:      dpeg_arrival_ternary, layout_loops_corners, basic_ecumenical_altar
D:2:      kennysheep_big_flooded_room, layout_loops_corners, serial_shops, shop,
          serial_park_tiny_pond, uniq_jessica, uniq_crazy_yiuf_cottage

Skill      XL: |  1  2  3  4 |
---------------+-------------+-----
Short Blades   | 4 5 6 |  6.1
Stealth        | 1 2 |  2.0
Fighting       | |  2.1
Throwing       | |  2.0
Dodging        | |  4.0

Action                   |  1- 3 |  4- 6 || total
-------------------------+-------+-------++-------
Melee: Rapier            |   118 |    29 ||   147
Throw: Stone             |     4 |       ||     4
       Dart              |     2 |       ||     2
 Stab: Sleeping          |       |     1 ||     1
Armor: Leather armour    |    35 |     2 ||    37
       Ring mail         |     7 |       ||     7
Dodge: Dodged            |    90 |    15 ||   105
